 Dungeon Crawl Stone Soup version 0.30-a0-329-g85436e0a43 (webtiles) character file.

Game seed: 1153687649340291063

2322 IdlyInterested the Fighter (level 9, -12/79 HPs)
             Began as a Demonspawn Wanderer on Oct 28, 2022.
             Mangled by a sun demon (18 damage)
             ... summoned by a kobold demonologist
             ... on level 9 of the Dungeon.
             The game lasted 00:18:13 (5779 turns).

IdlyInterested the Fighter (Demonspawn Wanderer)    Turns: 5779, Time: 00:18:13

Health: -12/79     AC: 11    Str: 13    XL:     9   Next: 19%
Magic:  9/9        EV: 11    Int: 17    God:
Gold:   248        SH:  4    Dex: 13    Spells: 8/8 levels left

rFire   . . .      SeeInvis .    k - staff of earth
rCold   + . .      Faith    .    F - +0 buckler
rNeg    . . .      Spirit   .    I - +0 robe {rC+}
rPois   .          Reflect  .    (helmet restricted)
rElec   .          Harm     .    y - +0 cloak
rCorr   .          Rampage  .    (no gloves)
Will    .....                    r - +1 pair of boots
Stlth   ++........               h - amulet of magic regeneration
HPRegen 0.33/turn                (no ring)
MPRegen 0.62/turn                (no ring)

@: sanguine armoured, slowed, very slow
A: antennae 2, spiny 3, magic regeneration, sanguine armour 1
a: no special abilities


You were on level 9 of the Dungeon.
You visited 1 branch of the dungeon, and saw 7 of its levels.
You also visited: Sewer.

You collected 248 gold pieces.

Inventory:

Hand Weapons
 a - a +2 whip of venom
 n - a +2 short sword of speed
 u - a +2 antimagic scythe
 v - a +0 hand axe of freezing
 A - a +0 flail
 J - a +3 war axe
Missiles
 m - 13 poisoned darts
 B - a throwing net
 E - a boomerang
Armour
 e - a +0 robe
 l - a +0 ring mail
 q - a +0 scale mail
 r - a +1 pair of boots (worn)
 s - a +0 leather armour
 y - a +0 cloak (worn)
 F - a +0 buckler (worn)
 I - a +0 robe of cold resistance (worn)
Magical Staves
 g - a staff of death
 k - a staff of earth (weapon)
Jewellery
 h - an amulet of magic regeneration (around neck)
 p - a ring of ice
 x - a ring of wizardry
 D - a ring of fire
 G - a ring of positive energy
Wands
 f - a wand of iceblast (2) (quivered)
 w - a wand of flame (6)
 z - a wand of digging (4)
 H - a wand of paralysis (5)
Scrolls
 b - 2 scrolls of butterflies
 i - 9 scrolls of identify
 C - a scroll of teleportation
Potions
 c - 6 potions of curing
 d - a potion of attraction
 j - 2 potions of brilliance
 o - 2 potions of might
 t - a potion of flight
 K - a potion of heal wounds {unknown}
 L - 2 potions of ambrosia {unknown}
 M - a potion of magic {unknown}


   Skills:
 * Level 10.7 Fighting
 + Level 1.1 Staves
 - Level 2.0 Throwing
 - Level 2.0 Armour
 - Level 2.0 Dodging
 - Level 2.0 Stealth
 - Level 2.0 Shields
 - Level 2.0 Necromancy
 - Level 2.0 Earth Magic
 - Level 1.2 Invocations
 * Level 5.1 Evocations


You had 8 spell levels left.
You didn't know any spells.
Your spell library contained the following spells:

 Spells                   Type           Power      Damage    Failure   Level
 Passwall                 Tmut/Erth      4%         N/A       30%         2
 Ensorcelled Hibernation  Hex/Ice        0%         N/A       43%         2
 Swiftness                Air            0%         N/A       67%         3
 Yara's Violent Unravell  Hex/Tmut       0%         3d3       100%        5
 Enfeeble                 Hex            0%         N/A       100%        7


Dungeon Overview and Level Annotations

Branches:
Dungeon (6/15)              Sewer (visited)
 Temple: D:4-7

Altars:
Hepliaklqana
Okawaru
Qazlal
Vehumet
Wu Jian
Yredelemnul


Innate Abilities, Weirdness & Mutations

You have a pair of antennae on your head.
You are completely covered in sharp spines.
You regenerate magic rapidly.
When seriously injured, your blood forms armour. (AC +6)


Message History

You block the white imp's attack. x2
You hit the kobold demonologist but do no damage.
The kobold demonologist is moderately wounded.
The kobold demonologist gestures wildly while chanting.
The iron imp is struck by your spines. The iron imp completely misses you.
The white imp gestures at you.
The puff of frost hits you but does no damage.
You resist. The white imp is struck by your spines.
The white imp hits you but does no damage.
A kobold comes into view. It is wielding a +0 dagger.
The kobold demonologist hits you but does no damage.
The iron imp hits you.
* * * LOW HITPOINT WARNING * * *
The white imp gestures at you. You block the puff of frost.
The kobold shouts!
You hear a shout!
You hit the kobold demonologist.
The kobold demonologist is moderately wounded.
The white imp shouts, "Slither hence, thou canting dread-bolted bugbear!"
The white imp is struck by your spines.
You kill the white imp!
The white imp disappears in a puff of smoke!
The kobold demonologist hits you but does no damage.
You block the white imp's attack. The shadow imp gestures at you.
Pain shoots through your body!
* * * LOW HITPOINT WARNING * * *
The kobold demonologist casts a spell.
A kobold comes into view. It is wielding a +0 club.
You barely miss the kobold demonologist.
The kobold demonologist is moderately wounded.
You block the white imp's attack. The shadow imp closely misses you.
The sun demon closely misses you.
The kobold demonologist hits you but does no damage.
A chaos spawn opens the door.
The shadow imp hits you but does no damage.
The sun demon hits you.
* * * LOW HITPOINT WARNING * * *
You are engulfed in flames!!
You die...

#.)..........#
#............#
###............#
................#
...[.......$.....#
.................#
..$............54#####.
...........)...35'..K..
...............@K#
.........#####5#KKK5#
#######.# #K#{##.# ..
.K5 .. #.# #.# #.# #.#


You could see a sun demon (summoned), 2 kobold demonologists, a chaos spawn
(summoned), an iron imp (summoned), a white imp (summoned), 3 shadow imps and 5
kobolds.

Vanquished Creatures
  Grinder (D:5)
  Sigmund (D:2)
  Menkaure (D:5)
  Pargi (Sewer)
  A black bear (D:5)
  2 ice beasts
  An ogre (D:4)
  A kobold brigand (D:9)
  A phantom (D:4)
  A necrophage (D:5)
  3 scorpions (D:5)
  4 wights (D:5)
  A water moccasin zombie (D:5)
  3 electric eels (D:3)
  3 hounds
  A jelly (D:5)
  A centaur zombie (D:5)
  A gnoll bouda (D:4)
  A human zombie (D:5)
  An orc priest (D:5)
  3 iguanas (D:4)
  An orc wizard (D:5)
  A killer bee zombie (D:5)
  2 hound zombies (D:5)
  A mummy (D:5)
  8 gnolls (D:4)
  5 adders
  7 worms
  5 dart slugs
  5 orcs
  7 ball pythons
  4 endoplasms
  A giant cockroach (D:4)
  6 goblins
  7 hobgoblins
  10 jackals
  6 kobolds
  4 quokkas
  3 bats
  5 frilled lizards (D:1)
  5 rats
126 creatures vanquished.

Notes
Turn   | Place    | Note
-------+----------+-------------------------------------------
     0 | D:1      | IdlyInterested the Demonspawn Wanderer began the quest for
                  | the Orb.
     0 | D:1      | IdlyInterested set off with the following items: a +0 club,
                  | a scroll of butterflies, a potion of curing, a potion of
                  | attraction, a +0 robe, a wand of iceblast (3).
     0 | D:1      | Reached XP level 1. HP: 16/16 MP: 1/1
   244 | D:1      | Reached skill level 1 in Armour
   244 | D:1      | Gained mutation: You are partially covered in sharp spines.
                  | [demonic ancestry]
   244 | D:1      | Reached XP level 2. HP: 12/23 MP: 2/2
   656 | D:1      | Gained mutation: You have a pair of small antennae on your
                  | head. [demonic ancestry]
   656 | D:1      | Reached XP level 3. HP: 28/28 MP: 3/3
  1167 | D:2      | Reached skill level 3 in Fighting
  1253 | D:2      | Noticed Sigmund
  1263 | D:2      | Killed Sigmund
  1264 | D:2      | Reached skill level 5 in Fighting
  1264 | D:2      | Gained mutation: You have a pair of antennae on your head.
                  | [demonic ancestry]
  1264 | D:2      | Reached XP level 4. HP: 13/39 MP: 2/4
  1264 | D:2      | Reached XP level 5. HP: 15/44 MP: 2/5
  1828 | D:3      | Identified a scroll of acquirement
  1828 | D:3      | Acquired a staff of earth
  2027 | D:3      | Found a stormy altar of Qazlal.
  2032 | D:3      | Found an ornate altar of the Wu Jian Council.
  2032 | D:3      | Found an iron altar of Okawaru.
  2048 | D:3      | Found a hazy altar of Hepliaklqana.
  2051 | D:3      | Found a radiant altar of Vehumet.
  2099 | D:3      | Found a transporter.
  2120 | D:3      | Found a faded altar of an unknown god.
  2224 | D:3      | Found a transporter.
  2537 | D:3      | Reached skill level 1 in Necromancy
  2537 | D:3      | Gained mutation: You are mostly covered in sharp spines.
                  | [demonic ancestry]
  2537 | D:3      | Reached XP level 6. HP: 27/52 MP: 6/6
  2544 | D:3      | Reached skill level 6 in Fighting
  2860 | D:4      | Reached skill level 1 in Earth Magic
  2861 | D:4      | Gained mutation: You are completely covered in sharp
                  | spines. [demonic ancestry]
  2861 | D:4      | Reached XP level 7. HP: 44/59 MP: 7/7
  3066 | D:4      | Reached skill level 7 in Fighting
  3214 | D:4      | Reached skill level 1 in Throwing
  3769 | D:5      | Entered Level 5 of the Dungeon
  3784 | D:5      | Reached skill level 8 in Fighting
  3800 | D:5      | Gained mutation: You regenerate magic rapidly. [demonic
                  | ancestry]
  3800 | D:5      | Reached XP level 8. HP: 54/69 MP: 8/8
  3848 | D:5      | Reached skill level 1 in Shields
  4004 | D:5      | Found a glowing drain.
  4039 | Sewer    | Entered a sewer
  4085 | Sewer    | Noticed Pargi
  4091 | Sewer    | Killed Pargi
  4092 | Sewer    | Reached skill level 9 in Fighting
  4385 | D:5      | Found a basalt altar of Yredelemnul.
  4406 | D:5      | Reached skill level 10 in Fighting
  5065 | D:5      | Noticed Menkaure
  5075 | D:5      | Killed Menkaure
  5076 | D:5      | Gained mutation: When seriously injured, your blood forms
                  | armour. (AC +6) [demonic ancestry]
  5076 | D:5      | Reached XP level 9. HP: 34/79 MP: 9/9
  5243 | D:5      | Noticed Grinder
  5256 | D:5      | Killed Grinder
  5609 | D:5      | Reached skill level 1 in Staves
  5749 | D:6      | You fall into a shaft and drop 3 floors!
  5768 | D:9      | Noticed a kobold demonologist
  5768 | D:9      | Noticed a kobold demonologist
  5770 | D:9      | Noticed a kobold demonologist
  5778 | D:9      | Noticed a sun demon
  5779 | D:9      | Mangled by a sun demon

Illustrated notes

Levels and vault maps discovered:
D:1:      dpeg_arrival_round_c, layout_basic, st_stairs_4
D:2:      layout_loops_cross, uniq_sigmund
D:3:      gammafunk_steamed_eel, layout_loops_ring,
          minmay_overflow_temple_star_hex, basic_ecumenical_altar,
          minmay_misc_feat_roman, grunt_ministairs_7
D:4:      layout_cave_pools
D:5:      layout_basic, lemuel_mausoleum_altar_yredelemnul,
          cheibrodos_sewer_entry_bend, uniq_grinder, uniq_menkaure
D:6:      layout_loops_ring, minmay_temple_entry_statues_fountains, nrook_uturn
D:9:      layout_basic, david_orc_5

Skill      XL: |  1  2  3  4  5  6  7  8  9 |
---------------+----------------------------+-----
Armour         | 1 2 |  2.0
Fighting       | 5 6 8 10 | 10.7
Necromancy     | 1 2 |  2.0
Earth Magic    | 1 2 |  2.0
Throwing       | 2 |  2.0
Shields        | 2 |  2.0
Stealth        | 2 |  2.0
Dodging        | 2 |  2.0
Staves         | 1 |  1.1
Invocations    | |  1.2
Evocations     | |  5.1

Action                   |  1- 3 |  4- 6 |  7- 9 || total
-------------------------+-------+-------+-------++-------
Melee: Staff             |   101 |    85 |   200 ||   386
       Punch             |       |     2 |     1 ||     3
Throw: Boomerang         |       |       |     1 ||     1
Evoke: Wand              |       |     3 |     2 ||     5
  Use: Scroll            |     4 |     4 |     3 ||    11
       Potion            |     2 |       |     1 ||     3
 Stab: Sleeping          |     1 |       |     3 ||     4
Armor: Robe              |     4 |       |    14 ||    18
       Ring mail         |     9 |       |       ||     9
       Scale mail        |    22 |    26 |    53 ||   101
Dodge: Dodged            |    54 |    38 |    79 ||   171
Block: Buckler           |       |       |    36 ||    36

Table legend: (Time is in decaauts)
 A = Elapsed time spent in this place.
 B = Non-inter-level travel time spent in this place.
 C = Inter-level travel time spent in this place.
 D = Time resting spent in this place.
 E = Time spent auto-exploring this place.
 F = Levels seen in this place.
 G = Mean time per level.
                   A        B        C        D        E       F      G
               +--------+--------+--------+--------+--------+-----+--------+
         Total |   5888 |   5063 |    825 |    991 |   2553 |   8 |  736.0 |
       Dungeon |   5779 |   4954 |    825 |    991 |   2505 |   7 |  825.6 |
         Sewer |    109 |    109 |      0 |      0 |     48 |   1 |  109.0 |
               +--------+--------+--------+--------+--------+-----+--------+

Top non-repeatable levels by time:
     D:5: 1848 daAuts
     D:3: 1194 daAuts
     D:2: 932 daAuts
     D:1: 889 daAuts
     D:4: 875 daAuts
   Sewer: 109 daAuts
     D:9: 38 daAuts
